 Dungeon Crawl Stone Soup version 0.17.1-2-g5865329 (webtiles) character file.

8 ololoev the Skirmisher (level 2, 0/24 HPs)
             Began as a Demonspawn Fighter on Jan 25, 2016.
             Killed from afar by Natasha (5 damage)
             ... with a magic dart
             ... on level 2 of the Dungeon.
             The game lasted 00:01:00 (94 turns).

ololoev the Skirmisher (Demonspawn Fighter)           Turns: 94, Time: 00:01:00

Health: 0/24       AC:  9    Str: 21    XL:     2   Next: 0%
Magic:  2/2        EV:  7    Int:  9    God:
Gold:   12         SH:  0    Dex: 12    Spells: 0 memorised, 1 level left

rFire  . . .     SeeInvis .     a - +0 war axe
rCold  . . .     Clarity  .     h - +0 chain mail
rNeg   . . .     SustAt   .     (no shield)
rPois  .         Gourm    .     (no helmet)
rElec  .         Spirit   .     (no cloak)
rCorr  .         Warding  .     (no gloves)
rMut   .         Stasis   .     (no boots)
MR     .....                    (no amulet)
Stlth  ..........               (no ring)
                                (no ring)

@: mighty, not resistant to hostile enchantments, extremely unstealthy
A: nightstalker 1
a: no special abilities


Innate Abilities, Weirdness & Mutations

You are slightly more attuned to the shadows.

Inventory:

Hand Weapons
 a - a +0 war axe (weapon)
Armour
 b - a +0 scale mail
 h - a +0 chain mail (worn)
Scrolls
 f - a scroll of enchant armour {unknown}
Potions
 g - a potion of curing {unknown}
Comestibles
 e - a bread ration


   Skills:
 - Level 3.0 Fighting
 * Level 2.1 Axes
 + Level 2.9 Armour
   Level 2.6 Shields


You had one spell level left.
You didn't know any spells.


You were on level 2 of the Dungeon.
You were not hungry.

You visited 1 branch of the dungeon, and saw 2 of its levels.

You collected 12 gold pieces.

### .
########....
...#........#
......†....#
#...b.@...#
##...!h...#
#...$....#
##.......#
#..##.....
##. .###.. ##
.. ### #.

Notes
Turn   | Place    | Note
--------------------------------------------------------------
     0 | D:1      | ololoev the Demonspawn Fighter began the quest for the Orb.
     0 | D:1      | Reached XP level 1. HP: 18/18 MP: 1/1
    90 | D:2      | Noticed Natasha
    93 | D:2      | Gained mutation: You are slightly more attuned to the shadows. [demonic ancestry]
    93 | D:2      | Reached XP level 2. HP: 20/24 MP: 2/2
    94 | D:2      | Killed from afar by Natasha

Dungeon Overview and Level Annotations

Branches:
Dungeon (2/15)

Altars:

Annotations:
D:2 Natasha


Message History

You start removing your armour.
You continue taking off your +0 shield.
You continue taking off your +0 shield. x3
You finish taking off your +0 shield.
You drop a +0 shield.
(D) Dungeon
Where to? (? - help)
There is an open door here.
There is a stone staircase leading down here.
You climb downwards.
A bat, an ooze, a giant cockroach and Natasha come into view.
Natasha hisses angrily.
The ooze quivers.
Found a cyan potion and 17 gold pieces.
There is a stone staircase leading up here.
Drink which item? (? for menu, Esc to quit)
You feel very mighty all of a sudden. The giant cockroach barely misses you.
The bat barely misses you.
You closely miss Natasha. You slash the ooze!
The ooze is severely wounded.
You slash the giant cockroach!
You kill the giant cockroach!
Your chain mail prevents you from hitting the bat.
The bat hits you but does no damage.
Natasha zaps a wand.
The puff of frost misses you.
It is a wand of frost.
The ooze hits you.
You slash Natasha!
Natasha is severely wounded.
You slash the ooze!
You kill the ooze!
Your Axes skill increases to level 2!
You have reached level 2!
Your demonic ancestry asserts itself...
You slip into the darkness of the dungeon.
The bat barely misses you. The bat hits you but does no damage.
Natasha zaps a wand.
The puff of frost hits you!
Your chain mail prevents you from hitting Natasha.
Natasha is severely wounded.
You miss the bat. The bat closely misses you.
Natasha zaps a wand.
The puff of frost hits you! Natasha casts a spell at you.
The magic dart hits you!
You die...

You could see Natasha and a bat.

Vanquished Creatures
  An ooze (D:2)
  A giant cockroach (D:2)
  A hobgoblin (D:1)
  A rat (D:1)
4 creatures vanquished.

Action                   || total
-------------------------++-------
Melee: War axe           ||     8
  Use: Potion            ||     1

Vault maps used:
D:1:      lightli_arrival_windingriver, minmay_misc_feat_tower
D:2:      minmay_door_square, minmay_misc_feat_four_crosses, uniq_iyjb,
          uniq_crazy_yiuf_cottage, uniq_natasha
